[Event "*** SCC Grand Prix: Titled Tuesday Blitz"]
[Site "Chess.com"]
[Date "2020.08.04"]
[Round "2"]
[White "PotapovaM"]
[Black "Dedic8"]
[Result "1-0"]
[WhiteElo "2527"]
[BlackElo "2787"]
[TimeControl "180+1"]
[EndTime "14:04:39 PDT"]
[Termination "PotapovaM won by resignation"]

1. d4 Nf6 2. c4 g6 3. Nc3 d5 4. cxd5 Nxd5 5. e4 Nxc3 6. bxc3 Bg7 7. Nf3 c5 8. Be3 Qa5 9. Qd2 O-O 10. Rc1 Bg4 11.
Be2 cxd4 12. cxd4 Qxd2+ 13. Nxd2 Bxe2 14. Kxe2 e6 15. Rc7 Nc6 16. Nb3 a5 17. a4 Rfc8 18. Rxb7 Rab8 19. Rb5 Na7 20. Rxb8 Rxb8 21. Nxa5 Rb4 22.
d5 Rxa4 23. Nc6 Nb5 24. dxe6 Nc3+ 25. Kf3 Nxe4 26. e7 Nf6 27. Rd1 h5 28. Rd8+ Kh7 29.
e8=Q Nxe8 30. Rxe8 Rc4 31. Ne5 Rc7 32. Nd3 f6 33. h4 Rd7 34. Nf4 Rf7 35. Ne6 Rb7 36.
Nxg7 Kxg7 37. g3 Rb3 38. Re6 Kf7 39. Ra6 Rd3 40. Ra7+ Ke6 41. Ra6+ Kf5 42. Ke2 Rb3 43. Ra5+ Ke6 44. Bd4 Rb4 45. Ra6+ Kf5 46. Bxf6 Rb3 47. Bg5 Rb2+ 48. Kf3 Rb3+ 49. Kg2 Kg4 50. Ra4+ Kf5 51.
Rf4+ Ke5 52. Rf6 Rb5 53. Rxg6 Kf5 54. Rf6+ Ke4 55. Rh6 Ke5 56. Rxh5 Ke4 57. Rh8 Kf5 58. Rf8+ Kg4 59. Rf4+ Kh5 60. Be7 Rb1 61. g4+ Kg6 62. h5+ Kh6 63. Rf6+ Kg7 64. g5 Rb4 65. h6+ Kh7 66.
Rf7+ Kg6 67. Rg7+ Kf5 68. h7 Rh4 69. Bf6 Rh5 70. Kf3 Rh3+ 71. Ke2 Rh5 72. Rc7 Kg6 73. h8=Q Rxh8 74. Bxh8 Kxg5 75. Bc3 Kg4 76. Bd2 Kf5 77.
Be3 Ke5 78. Rc5+ Ke4 79. Rc4+ Ke5 80. Rd4 Ke6 81. Kd3 Ke5 82. f4+ Ke6 83. Ke2 Kf5 84. Kf3 Ke6 85. Ke4 Kf6 1-0

[Event "*** SCC Grand Prix: Titled Tuesday Blitz"]
[Site "Chess.com"]
[Date "2020.08.04"]
[Round "2"]
[White "Kavyev_Ruslan"]
[Black "effefe"]
[Result "1-0"]
[WhiteElo "2398"]
[BlackElo "2089"]
[TimeControl "180+1"]
[EndTime "14:04:43 PDT"]
[Termination "Kavyev_Ruslan won on time"]

1. d4 Nf6 2. Nf3 g6 3. Bf4 Bg7 4. e3 O-O 5. Be2 d6 6. O-O Nc6 7. h3 Nd7 8. Bh2 e5 9. c3 f5 10. Re1 g5 11. dxe5 dxe5 12. Nbd2 Kh8 13. Nc4 h6 14. a4 Qe7 15. b4 f4 16. exf4 exf4 17. Qb3 Qf6 18. Rac1 Nde5 19. Ncxe5 Nxe5 20. Nxe5 Qxe5 21. Bf3 Qf6 22. Kh1 c6 23. Be2 Be6 24. Qc2 Bf5 25.
Qb3 Rad8 26. f3 Rd2 27. Bg1 Re8 28. Bd4 Qg6 29. Bxg7+ Qxg7 30. Bf1 Red8 31. b5 Bd3 32. bxc6 bxc6 33. Qe6 Bxf1 34. Rxf1 R8d6 35. Qe8+ Qg8 36. Qe5+ Kh7 37. Rfe1 Rd7 38. Qf5+ Qg6 39. Qf8 Qg7 40. Qc5 R2d6 41. a5 Qg6 42. a6 Qd3 43. Kh2 Qd5 44. Qb4 Kg7 45. Re8 Re6 46. Re1 Rxe1 47.
Rxe1 c5 48. Qb5 c4 49. Qb4 Kg6 50. Qf8 Qd6 51. Qg8+ Kf6 52. Qh8+ Kg6 53. Re8 Rg7 54. Ra8 Qxa6 55. Qe8+ Kh7 56. Rd8 Qf6 57. Qh8+ Kg6 58. Qe8+ Kh7 59. Qe4+ Qg6 60. Qxc4 Qf6 61. Rd4 Kg6 62.
Re4 Kh5 63. Re6 Qf5 64. Rd6 Rg6 65. Rd7 Qxd7 66. Qe4 Qd6 67. Qe8 Qe6 68. Qd8 Qd6 69.
Qe8 Qe6 70. Qd8 Qf6 71. Qe8 Kh4 72. Qe1+ Kh5 73. Qd1 Rg8 74. Qd7 Rg7 75. Qg4+ Kg6 76. Qc8 Re7 77. Qg8+ Qg7 78. Qd5 h5 79. Qd3+ Kh6 80.
Qd6+ Kh7 81. Qd3+ Kg8 82. Qd8+ Qf8 83. Qd5+ 1-0

[Event "*** SCC Grand Prix: Titled Tuesday Blitz"]
[Site "Chess.com"]
[Date "2020.08.04"]
[Round "2"]
[White "Batsai"]
[Black "1977Ivan"]
[Result "1-0"]
[WhiteElo "2372"]
[BlackElo "2679"]
[TimeControl "180+1"]
[EndTime "14:05:08 PDT"]
[Termination "Batsai won by checkmate"]

1. e4 c5 2. Nf3 e6 3. d4 cxd4 4.
Nxd4 Nc6 5. Nc3 Qc7 6. Nxc6 dxc6 7. Bd3 e5 8. O-O Nf6 9. Bg5 Be7 10. a4 O-O 11. Bc4 Ng4 12. Bxe7 Qxe7 13. h3 Nf6 14.
Qe2 a5 15. Qe3 Qb4 16. Bb3 Nd7 17. Na2 Qc5 18. Rad1 Qxe3 19. fxe3 Nf6 20. Nc3 h6 21. Rd6 Re8 22. g4 Kf8 23. Kg2 Ke7 24. Rd3 Bd7 25.
Kf3 Rad8 26. Ne2 Be6 27. Bxe6 Kxe6 28. Ng3 g6 29. Ke2 Rxd3 30. cxd3 Nd7 31. d4 f6 32.
b3 Rd8 33. h4 Rg8 34. Kd3 Nb6 35.
Rc1 Nd7 36. Rc4 Kd6 37. Ke2 c5 38. Rc3 cxd4 39. exd4 exd4 40. Rc4 d3+ 41. Ke3 Ne5 42.
Rd4+ Ke6 43. h5 gxh5 44. Nf5 Rxg4 45. Rd6+ Kf7 46. Nxh6+ Ke7 47. Nf5+ Kf7 48. Nh6+ Ke7 49. Nf5+ Ke8 50. Rxf6 Rg6 51. Rxg6 Nxg6 52. Kxd3 h4 53. Ke3 h3 54. Kf3 Kf7 55. Kg3 Ke6 56. Kxh3 Ke5 57. Kg3 Nf4 58. Kf3 Nd3 59. Ke3 Nc5 60. Nd4 Nxe4 61.
Ne2 Nc5 62. Kd2 Nxb3+ 63. Kc3 Nc5 64. Kc4 b6 65. Kb5 Nd7 66. Nc3 Kd6 67. Ne4+ Kc7 68. Nd2 Kb7 69. Nc4 Kc7 70. Ne5 Nc5 71. Nc4 Nd7 72. Ne3 Ne5 73. Nd5+ Kb7 74. Nxb6 Nc6 75. Nc4 Nd4+ 76. Kc5 Nb3+ 77. Kb5 Nd4+ 78. Kc5 Ka6 79. Kxd4 Ka7 80. Kc5 Kb7 81. Kb5 Ka7 82. Kxa5 Kb7 83.
Kb5 Ka7 84. a5 Kb7 85. a6+ Ka7 86. Ka5 Ka8 87. Kb6 Kb8 88. Na5 Ka8 89. Nb7 Kb8 90. Nc5 Ka8 91. Ne6 Kb8 92. a7+ Ka8 93. Nc7# 1-0

[Event "*** SCC Grand Prix: Titled Tuesday Blitz"]
[Site "Chess.com"]
[Date "2020.08.04"]
[Round "2"]
[White "Infernal_XaM"]
[Black "Fighter008"]
[Result "0-1"]
[WhiteElo "2911"]
[BlackElo "2616"]
[TimeControl "180+1"]
[EndTime "14:05:17 PDT"]
[Termination "Fighter008 won by resignation"]

1. d4 Nf6 2. c4 g6 3. Nc3 Bg7 4. e4 d6 5. Nf3 O-O 6. Be2 e5 7. O-O Nc6 8. d5 Ne7 9. b4 Nh5 10. Re1 Nf4 11. Bf1 a5 12. bxa5 Rxa5 13. a4 c5 14. Bd2 Ra6 15. Qb1 h6 16. Ra3 g5 17.
g3 Nh3+ 18. Kg2 f5 19. exf5 Nxf5 20. Ne4 Nd4 21. Nxd4 exd4 22. f3 Qd7 23. a5 Qf7 24. Qd1 Bf5 25. Rb3 Qg6 26. Rxb7 g4 27. Bd3 gxf3+ 28. Qxf3 Bg4 29. Nf6+ Rxf6 30. Rb8+ Bf8 31. Bxg6 Bxf3+ 32. Kxh3 Rxg6 33. Ree8 Rf6 34. Re6 Rf7 35.
Bxh6 Be2 36. Bxf8 Rxf8 37. Rxf8+ Kxf8 38. Rxe2 Rxa5 39. Kg4 Ra4 40. Kf5 Rxc4 41. Ke6 Rc1 42. Kxd6 d3 43. Rf2+ Ke8 44. Kc7 Ra1 45. d6 Ra7+ 46.
Kb6 c4 47. Kxa7 c3 48. d7+ Kxd7 49. Rf3 d2 50. Rd3+ Ke7 51. Kb6 c2 52. Rxd2 c1=Q 53.
Re2+ Kf7 54. Re5 Qb2+ 55. Rb5 Qxh2 56. g4 Qg1+ 57. Kc6 Qxg4 58. Rd5 Qe4 59. Kc5 Ke6 60. Rd6+ Ke5 61. Rd7 Qc2+ 62. Kb6 Qb2+ 63. Kc6 Qc3+ 64.
Kb6 Qb4+ 65. Kc6 Qc4+ 66. Kb6 Ke6 67. Rc7 Qb4+ 68. Kc6 Qc3+ 69. Kb7 Qb2+ 70. Kc6 Qd2 71. Rc8 Qc3+ 72. Kb7 Qb4+ 73. Kc6 Qc4+ 74. Kb7 Qb5+ 75. Kc7 Qc5+ 76. Kb7 Qd5+ 77. Kc7 Ke7 78. Rb8 Qd6+ 79. Kb7 Kd7 80. Rg8 Qd5+ 0-1

[Event "*** SCC Grand Prix: Titled Tuesday Blitz"]
[Site "Chess.com"]
[Date "2020.08.04"]
[Round "2"]
[White "Konavets"]
[Black "RobertoJBM"]
[Result "1/2-1/2"]
[WhiteElo "3068"]
[BlackElo "2687"]
[TimeControl "180+1"]
[EndTime "14:05:26 PDT"]
[Termination "Game drawn by 50-move rule"]

1. d4 d5 2. c4 c6 3. Nc3 dxc4 4. a4 e5 5. e3 exd4 6. exd4 Be6 7. Nf3 Nf6 8. Ne5 Bb4 9. Bxc4 Bxc4 10. Nxc4 Qe7+ 11. Be3 Nd5 12. O-O O-O 13. Qb3 Bxc3 14. bxc3 Nd7 15. Qxb7 Nxc3 16. Qxc6 Rac8 17. Qd6 Qxd6 18.
Nxd6 Rc6 19. Nb5 Ne2+ 20. Kh1 a6 21. d5 Rc2 22. Na3 Rc7 23. Rfe1 Nc3 24. Bf4 Rb7 25. d6 Nxa4 26. Nc4 Nac5 27. Re7 Rfb8 28. h4 Ne6 29. Bg3 Nef8 30. Rxa6 h5 31. Kh2 Rb4 32.
Ne5 Nxe5 33. Rxe5 g6 34. Re7 R4b7 35. Rc7 Ne6 36. Rxb7 Rxb7 37. Be5 f5 38. Ra8+ Kf7 39. Rh8 Rd7 40. Rc8 Nd8 41. Kg3 Ke6 42. Kf4 Kd5 43. Rc7 Ne6+ 44. Ke3 Rd8 45. Bf6 Rxd6 46. Rc8 Ra6 47.
Rg8 Ra3+ 48. Kd2 Nc5 49. Rxg6 Ne4+ 50. Ke2 Ra6 51. Kf3 Rxf6 52. Rg8 f4 53. Rd8+ Nd6 54.
Rh8 Rf5 55. Rd8 Ke5 56. Ra8 Ke6 57. Ra6 Rd5 58. Kxf4 Rf5+ 59. Kg3 Ke7 60. f3 Nc4 61. Ra7+ Kf6 62. Ra8 Kg7 63. Ra7+ Kf8 64. Ra1 Ne3 65. Kf2 Nd5 66. Rd1 Nf6 67. Ra1 Rc5 68. Kg3 Kf7 69. Ra7+ Kg6 70. Ra6 Rc4 71. Ra5 Rd4 72. Rg5+ Kf7 73.
Rb5 Ke6 74. Rb6+ Kf5 75. Rb5+ Kg6 76. Rg5+ Kh6 77. Rf5 Kg7 78. Ra5 Rc4 79. Ra7+ Kg6 80. Ra8 Rc5 81. Ra4 Nd5 82. Ra6+ Kf5 83. Rh6 Nf6 84.
Rh8 Rc3 85. Ra8 Ne4+ 86. Kh2 Nc5 87. Rg8 Ne6 88. Kg3 Rc2 89. Ra8 Rc5 90. Rh8 Kg6 91.
Ra8 Ng7 92. Ra6+ Kf7 93. Kf4 Ne6+ 94. Kg3 Kf6 95. Ra8 Re5 96. Ra6 Kf5 97. Ra8 Nd4 98.
Rf8+ Kg6 99. Rg8+ Kf7 100. Ra8 Ne2+ 101. Kf2 Nd4 102. Ra7+ Kf6 103. Ra6+ Ne6 104. Kg3 Rd5 105. Ra1 Kf5 106. Ra8 Rd3 107. Rh8 Ng7 108. Rf8+ Kg6 109. Rg8 Kf7 110. Ra8 1/2-1/2

[Event "*** SCC Grand Prix: Titled Tuesday Blitz"]
[Site "Chess.com"]
[Date "2020.08.04"]
[Round "3"]
[White "penguingm1"]
[Black "Alberquintin"]
[Result "1-0"]
[WhiteElo "2942"]
[BlackElo "2475"]
[TimeControl "180+1"]
[EndTime "14:06:56 PDT"]
[Termination "penguingm1 won by resignation"]

1. d4 Nf6 2. c4 g6 3. f3 Bg7 4. e4 d6 5. Nc3 O-O 6. Nge2 Nc6 7. Be3 a6 8. Rb1 Rb8 9. b4 b5 10. cxb5 axb5 11. d5 Ne5 12. Nd4 Nc4 13. Bxc4 bxc4 14. Nc6 1-0

[Event "*** SCC Grand Prix: Titled Tuesday Blitz"]
[Site "Chess.com"]
[Date "2020.08.04"]
[Round "3"]
[White "boasovietica"]
[Black "ftorodent"]
[Result "0-1"]
[WhiteElo "2418"]
[BlackElo "2664"]
[TimeControl "180+1"]
[EndTime "14:08:09 PDT"]
[Termination "ftorodent won by resignation"]

1. e4 c5 2. Nf3 e6 3. Nc3 a6 4. g3 b5 5. Bg2 Bb7 6. d3 d6 7.
O-O Nd7 8. Ng5 Ngf6 9. f4 Qc7 10. f5 e5 11. Ne6 fxe6 12. fxe6 Nb6 13. Qh5+ Nxh5 0-1

[Event "*** SCC Grand Prix: Titled Tuesday Blitz"]
[Site "Chess.com"]
[Date "2020.08.04"]
[Round "3"]
[White "NotFischer"]
[Black "RestartingChess"]
[Result "1-0"]
[WhiteElo "2205"]
[BlackElo "2479"]
[TimeControl "180+1"]
[EndTime "14:08:38 PDT"]
[Termination "NotFischer won by checkmate"]

1. e4 Nf6 2. e5 Nd5 3. d4 d6 4. c4 Nb6 5. exd6 exd6 6. Nc3 Be7 7. Be3 O-O 8. Nf3 Bf6 9. b3 Re8 10. Be2 c5 11. Rc1 cxd4 12. Nxd4 d5 13. c5 N6d7 14.
Nxd5 Qa5+ 15. b4 Qxa2 16. Nc7 Bxd4 17. Qxd4 Nc6 18. Qc3 Nf6 19. Nxe8 Nd5 20. Qxg7# 1-0

[Event "*** SCC Grand Prix: Titled Tuesday Blitz"]
[Site "Chess.com"]
[Date "2020.08.04"]
[Round "3"]
[White "KyrgyzFighter"]
[Black "kingmonkey2006"]
[Result "0-1"]
[WhiteElo "2302"]
[BlackElo "2527"]
[TimeControl "180+1"]
[EndTime "14:08:47 PDT"]
[Termination "kingmonkey2006 won by resignation"]

1. Nf3 Nf6 2. g3 e6 3. Bg2 d5 4. d3 Be7 5. O-O O-O 6. Nbd2 c5 7. e4 Nc6 8. e5 Nd7 9. Re1 Qc7 10. Qe2 b5 11. c3 a5 12. d4 Ba6 13. Qe3 cxd4 14. cxd4 Nb4 15. Nb3 Nc2 16. Qd3 a4 17. Bg5 b4 18. Qd2 Bxg5 19. Nxg5 Nxe1 20. Rxe1 axb3 21. Qd3 0-1

[Event "*** SCC Grand Prix: Titled Tuesday Blitz"]
[Site "Chess.com"]
[Date "2020.08.04"]
[Round "3"]
[White "ahachess"]
[Black "MasterKroket"]
[Result "1-0"]
[WhiteElo "2274"]
[BlackElo "2409"]
[TimeControl "180+1"]
[EndTime "14:08:51 PDT"]
[Termination "ahachess won by resignation"]

1. d4 Nf6 2. c4 e6 3. Nf3 b6 4. g3 Bb7 5. Bg2 Be7 6. O-O O-O 7. Nc3 Ne4 8. Qc2 f5 9. Bf4 d6 10. Rfd1 Bf6 11. Ne1 Nd7 12. Nxe4 fxe4 13. Bxe4 Bxe4 14. Qxe4 Qe7 15. Rab1 Rae8 16. Nf3 g5 17. Be3 h6 18.
Qg6+ Bg7 19. b4 Rf5 20. d5 e5 21. Qxf5 1-0

[Event "*** SCC Grand Prix: Titled Tuesday Blitz"]
[Site "Chess.com"]
[Date "2020.08.04"]
[Round "3"]
[White "manitodeplomo"]
[Black "akretchetov"]
[Result "1-0"]
[WhiteElo "2550"]
[BlackElo "2260"]
[TimeControl "180+1"]
[EndTime "14:08:55 PDT"]
[Termination "manitodeplomo won by resignation"]

1. d4 Nf6 2. c4 e6 3. Nf3 d5 4.
Nc3 a6 5. c5 b6 6. cxb6 cxb6 7.
Bg5 Be7 8. e3 O-O 9. Be2 Bb7 10.
O-O Nc6 11. Rc1 Rc8 12. a3 b5 13. b4 Nd7 14. Bxe7 Qxe7 15. Nd2 Nb6 16. Nb3 Nc4 17. Bxc4 bxc4 18. Nc5 a5 19. b5 Nb8 20. Qa4 Qc7 21.
b6 Qc6 22. Qxa5 Nd7 23. N3a4 Ra8 24. Qb4 Rfb8 25. Nxd7 Rxa4 26. Nxb8 Rxb4 27. Nxc6 1-0

[Event "*** SCC Grand Prix: Titled Tuesday Blitz"]
[Site "Chess.com"]
[Date "2020.08.04"]
[Round "3"]
[White "Anna_ChessMate"]
[Black "Donskov_AN"]
[Result "1-0"]
[WhiteElo "2610"]
[BlackElo "2380"]
[TimeControl "180+1"]
[EndTime "14:08:59 PDT"]
[Termination "Anna_ChessMate won by resignation"]

1. d4 e6 2. c4 f5 3. Nc3 Nf6 4. Bg5 c6 5. Qc2 d5 6. f3 h6 7. Bxf6 Qxf6 8. O-O-O dxc4 9. e4 b5 10. d5 a6 11. dxe6 Bxe6 12. exf5 Qxf5 13. Ne4 Nd7 14. Ne2 Bd5 15. Nd6+ Bxd6 16. Qxf5 Ne5 17. Nf4 Rf8 18. Qh5+ Bf7 19. Qh3 Rd8 20. Ne6 1-0

[Event "*** SCC Grand Prix: Titled Tuesday Blitz"]
[Site "Chess.com"]
[Date "2020.08.04"]
[Round "3"]
[White "SiddharthGMJagadeesh"]
[Black "Sanyura"]
[Result "0-1"]
[WhiteElo "2581"]
[BlackElo "2408"]
[TimeControl "180+1"]
[EndTime "14:09:01 PDT"]
[Termination "Sanyura won by checkmate"]

1. d4 Nf6 2. Nf3 g6 3. c3 Bg7 4.
Bg5 O-O 5. Nbd2 d6 6. a4 a6 7. e4 b6 8. Bc4 Bb7 9. e5 Nd5 10. Qb3 dxe5 11. Nxe5 f6 12. Bh4 fxe5 13. O-O-O b5 14.
axb5 axb5 15. Qxb5 Bc6 16. Qc5 exd4 17. Bxe7 Ra1+ 18. Kc2 d3+ 19. Kb3 Ba4# 0-1

[Event "*** SCC Grand Prix: Titled Tuesday Blitz"]
[Site "Chess.com"]
[Date "2020.08.04"]
[Round "3"]
[White "Roza_Idrisova"]
[Black "ZEN-22"]
[Result "0-1"]
[WhiteElo "2247"]
[BlackElo "2511"]
[TimeControl "180+1"]
[EndTime "14:09:10 PDT"]
[Termination "ZEN-22 won by resignation"]

1. d4 c5 2. d5 e6 3. c4 b5 4.
e4 b4 5. b3 Qf6 6. Qc2 Qxa1 7.
Bb2 Qxa2 8. Bd3 Qa5 9. Nf3 d6 10. O-O e5 11. Nh4 Be7 12. Nf5 Bxf5 13. exf5 Nf6 14. f4 Nbd7 15. Nd2 O-O 16. Ra1 Qc7 17. g3 a5 18. Nf3 e4 19. Bxe4 Nxe4 20. Qxe4 Bf6 21.
Bxf6 Nxf6 22. Qd3 Rfe8 23. Ng5 h6 24. Nf3 a4 25. bxa4 Ne4 26. Kg2 Qd7 27. g4 Rxa4 28. Re1 Ra2+ 29. Kg1 Nf2 30. Rxe8+ Qxe8 31. Qf1 Qe3 0-1

[Event "*** SCC Grand Prix: Titled Tuesday Blitz"]
[Site "Chess.com"]
[Date "2020.08.04"]
[Round "3"]
[White "Marreuh"]
[Black "shnitez"]
[Result "0-1"]
[WhiteElo "2129"]
[BlackElo "2488"]
[TimeControl "180+1"]
[EndTime "14:09:16 PDT"]
[Termination "shnitez won by resignation"]

1. e4 c5 2. c3 Nf6 3. e5 Nd5 4.
d4 cxd4 5. cxd4 e6 6. Nc3 d6 7. Nxd5 exd5 8. a3 Nc6 9. Bf4 dxe5 10. dxe5 Bc5 11. h3 O-O 12. Nf3 Qb6 13. Qd2 Bf5 14. b4 Nxb4 15. Rc1 Nc6 16. a4 Bb4 0-1

[Event "*** SCC Grand Prix: Titled Tuesday Blitz"]
[Site "Chess.com"]
[Date "2020.08.04"]
[Round "3"]
[White "Maghalashvili"]
[Black "MF1966Idrisov"]
[Result "0-1"]
[WhiteElo "2726"]
[BlackElo "2346"]
[TimeControl "180+1"]
[EndTime "14:09:29 PDT"]
[Termination "MF1966Idrisov won on time"]

1. Nf3 d5 2. g3 c6 3. Bg2 Nf6 4. O-O g6 5. c4 Bg7 6. cxd5 cxd5 7.
d4 Nc6 8. Ne5 O-O 9. Nxc6 bxc6 10.
Nc3 Bf5 11. Bf4 Ne4 12. Bc1 Nxc3 13. Bf4 Nxd1 0-1

[Event "*** SCC Grand Prix: Titled Tuesday Blitz"]
[Site "Chess.com"]
[Date "2020.08.04"]
[Round "3"]
[White "The_Machine04"]
[Black "dopolian"]
[Result "0-1"]
[WhiteElo "2250"]
[BlackElo "2491"]
[TimeControl "180+1"]
[EndTime "14:09:33 PDT"]
[Termination "dopolian won by resignation"]

1. d4 Nf6 2. Bg5 c5 3. Bxf6 gxf6 4. d5 Qb6 5. Qc1 f5 6. c4 Bg7 7. Nc3 Na6 8. e3 Nc7 9. Bd3 Qg6 10. Nge2 d6 11. Qc2 e5 12. Ng3 e4 13. Be2 h5 14. h4 Be5 15. Nf1 Qxg2 16. Ng3 Bxg3 17. O-O-O Bxf2 0-1

[Event "*** SCC Grand Prix: Titled Tuesday Blitz"]
[Site "Chess.com"]
[Date "2020.08.04"]
[Round "3"]
[White "isainz"]
[Black "ChadBiryani"]
[Result "0-1"]
[WhiteElo "2130"]
[BlackElo "2344"]
[TimeControl "180+1"]
[EndTime "14:09:34 PDT"]
[Termination "ChadBiryani won by resignation"]

1. e4 d5 2. exd5 Qxd5 3. Nc3 Qe6+ 4. Be2 Qg6 5. Bf3 e5 6. d3 Nf6 7. Nge2 Bd6 8. O-O Nc6 9. Ng3 Bg4 10. Re1 O-O 11. Nge4 Bxf3 12. Qxf3 Nd4 13. Qd1 Nxe4 14. Nxe4 f5 15. Nxd6 cxd6 16. c3 Nc6 17. Qb3+ Rf7 18.
f4 Re8 19. fxe5 Nxe5 20. Bf4 Nf3+ 21. Kf2 Nxe1 22. Rxe1 Rxe1 23. Kxe1 Qxg2 24. Qe6 Qg1+ 25. Ke2 Qg4+ 26. Ke1 Qxf4 27. Qe8+ Rf8 0-1

[Event "*** SCC Grand Prix: Titled Tuesday Blitz"]
[Site "Chess.com"]
[Date "2020.08.04"]
[Round "3"]
[White "ellatambien"]
[Black "DariaVoit"]
[Result "1-0"]
[WhiteElo "2355"]
[BlackElo "2526"]
[TimeControl "180+1"]
[EndTime "14:09:37 PDT"]
[Termination "ellatambien won by resignation"]

1. c4 e5 2. Nc3 Nf6 3. Nf3 Nc6 4.
e4 Bb4 5. d3 d6 6. Be2 a6 7. O-O O-O 8. Nd2 Nd4 9. Nb3 Bxc3 10.
bxc3 Nxe2+ 11. Qxe2 Ne8 12. f4 exf4 13. Bxf4 f5 14. e5 dxe5 15. Bxe5 b6 16. Qf3 Ra7 17.
c5 Be6 18. c4 b5 19. Nd4 Bd7 20. Qd5+ Kh8 21. c6 1-0

[Event "*** SCC Grand Prix: Titled Tuesday Blitz"]
[Site "Chess.com"]
[Date "2020.08.04"]
[Round "3"]
[White "LyonBeast"]
[Black "mishikomchedlishvili"]
[Result "1-0"]
[WhiteElo "3035"]
[BlackElo "2759"]
[TimeControl "180+1"]
[EndTime "14:09:47 PDT"]
[Termination "LyonBeast won by resignation"]

1. e4 d6 2. d4 Nf6 3. Nc3 g6 4. Nf3 Bg7 5. Be3 c6 6. h3 O-O 7. a4 Nbd7 8. Bd3 Qc7 9. O-O b6 10. Ne2 Bb7 11. Ng3 a6 12. c3 b5 13. Qd2 Rfe8 14.
Rfe1 Nb6 15. Bh6 Nxa4 16. e5 dxe5 17. dxe5 Nd5 18. Bxg7 Kxg7 19. Nh5+ gxh5 20. Qg5+ Kh8 21. Qf5 1-0

[Event "*** SCC Grand Prix: Titled Tuesday Blitz"]
[Site "Chess.com"]
[Date "2020.08.04"]
[Round "3"]
[White "DenLaz"]
[Black "IMHansNiemann"]
[Result "0-1"]
[WhiteElo "2710"]
[BlackElo "2893"]
[TimeControl "180+1"]
[EndTime "14:09:51 PDT"]
[Termination "IMHansNiemann won by resignation"]

1. d4 g6 2. Nf3 Bg7 3. c4 d6 4. g3 Nf6 5. Bg2 O-O 6. O-O Nc6 7. Nc3 Bg4 8. d5 Na5 9. Nd2 c5 10. h3 Bd7 11. Qc2 e5 12. a3 Rc8 13. b3 a6 14.
Bb2 b5 15. e4 Rb8 16. Nd1 Nh5 17. Bc3 f5 18. b4 Nxc4 19. Nxc4 bxc4 20. bxc5 dxc5 21.
Ne3 f4 22. Nxc4 f3 23. Bh1 Bxh3 24. Rfb1 Rxb1+ 25. Rxb1 Nxg3 26. fxg3 f2+ 27. Kh2 f1=Q 28. Rxf1 Bxf1 29. Nxe5 Qg5 30. Nf3 Qh6+ 31. Kg1 Qe3+ 32.
Kxf1 Rxf3+ 33. Bxf3 Qxf3+ 34. Kg1 Qxg3+ 35. Kf1 Qf3+ 36. Kg1 Bxc3 0-1

[Event "*** SCC Grand Prix: Titled Tuesday Blitz"]
[Site "Chess.com"]
[Date "2020.08.04"]
[Round "3"]
[White "kuban1991"]
[Black "SamuelGhimpu2003"]
[Result "1-0"]
[WhiteElo "2759"]
[BlackElo "2556"]
[TimeControl "180+1"]
[EndTime "14:09:54 PDT"]
[Termination "kuban1991 won by resignation"]

1. Nf3 Nf6 2. g3 e6 3. Bg2 d5 4. O-O Be7 5. d3 O-O 6. Nbd2 c5 7. e4 Nc6 8. e5 Nd7 9. Re1 Re8 10. Nf1 b5 11. h4 Qc7 12. Bf4 a5 13. h5 Bb7 14.
Ne3 Nd4 15. h6 g6 16. Ng4 a4 17. Qd2 a3 18. b3 Rac8 19. Rac1 Nxf3+ 20. Bxf3 c4 21. Bg5 Bf8 22. dxc4 dxc4 23. Bxb7 Qxb7 24. Qxd7 Qxd7 25.
Nf6+ Kh8 26. Nxd7 Be7 27. Bf6+ Bxf6 28. Nxf6 Red8 29. Red1 cxb3 30. cxb3 g5 31. Rxd8+ Rxd8 32. Kg2 1-0

[Event "*** SCC Grand Prix: Titled Tuesday Blitz"]
[Site "Chess.com"]
[Date "2020.08.04"]
[Round "3"]
[White "Baronessa08"]
[Black "BlackBoarder"]
[Result "1-0"]
[WhiteElo "2389"]
[BlackElo "2559"]
[TimeControl "180+1"]
[EndTime "14:10:11 PDT"]
[Termination "Baronessa08 won by resignation"]

1. c4 e6 2. d4 Nf6 3. Nc3 Bb4 4. Qc2 O-O 5. a3 Bxc3+ 6. Qxc3 b5 7. b3 Bb7 8. e3 Ne4 9. Qc2 f5 10. Nf3 bxc4 11.
bxc4 Nc6 12. Bd3 Qf6 13. Bb2 Rab8 14. d5 Qg6 15. dxc6 Qxg2 16. Rg1 Qxf3 17. Rxg7+ 1-0

[Event "*** SCC Grand Prix: Titled Tuesday Blitz"]
[Site "Chess.com"]
[Date "2020.08.04"]
[Round "3"]
[White "Mikhail_Golubev"]
[Black "Zkid"]
[Result "0-1"]
[WhiteElo "2596"]
[BlackElo "2796"]
[TimeControl "180+1"]
[EndTime "14:10:15 PDT"]
[Termination "Zkid won by resignation"]

1. e4 e6 2. d4 d5 3. Nc3 Bb4 4. e5 c5 5. a3 Bxc3+ 6. bxc3 Qa5 7. Bd2 Qa4 8. Qb1 c4 9. Nh3 Nc6 10. Nf4 Bd7 11. Nh5 g6 12. Nf4 O-O-O 13. Be2 f6 14.
exf6 Nxf6 15. O-O g5 16. Nh3 Ne4 17. Be1 h6 18. f3 Nd6 19. Nf2 Be8 20. Ng4 Bg6 21. Ra2 h5 22. Ne5 Nxe5 23. dxe5 Nf5 24. Bf2 b6 25. Qb4 Be8 26. g4 Nh4 27. Bxh4 gxh4 28.
h3 Qc6 29. Rd1 hxg4 30. hxg4 Bg6 31. a4 a5 32. Qe7 Qc5+ 33. Rd4 Qxe7 0-1

[Event "*** SCC Grand Prix: Titled Tuesday Blitz"]
[Site "Chess.com"]
[Date "2020.08.04"]
[Round "3"]
[White "Quiet_Desperation"]
[Black "Machidon"]
[Result "0-1"]
[WhiteElo "2263"]
[BlackElo "2514"]
[TimeControl "180+1"]
[EndTime "14:10:19 PDT"]
[Termination "Machidon won by resignation"]

1. Nf3 d5 2. b3 Nf6 3. Bb2 g6 4. e3 Bg7 5. d4 O-O 6. Be2 c5 7. O-O Ne4 8. Nbd2 Nc6 9. c3 e5 10. Nxe4 dxe4 11. Nxe5 Nxe5 12. dxe5 Bxe5 13. Qxd8 Rxd8 14.
Rfd1 Be6 15. Rxd8+ Rxd8 16. Rd1 Rxd1+ 17. Bxd1 b5 18. Bc2 f5 19. Ba3 c4 20. Bb4 Kf7 21. f4 exf3 22. gxf3 Bd5 23. f4 Bf6 24. bxc4 Bxc4 25. Bb3 Be6 26. Kf2 Bd8 27. Kf3 Bb6 28. Bd6 Bxb3 29. axb3 Ke6 30. Be5 Kd5 31. Bd4 Bxd4 32.
exd4 b4 0-1

[Event "*** SCC Grand Prix: Titled Tuesday Blitz"]
[Site "Chess.com"]
[Date "2020.08.04"]
[Round "3"]
[White "Parhamov"]
[Black "abykhovsky"]
[Result "1-0"]
[WhiteElo "3023"]
[BlackElo "2758"]
[TimeControl "180+1"]
[EndTime "14:10:20 PDT"]
[Termination "Parhamov won by resignation"]

1. e4 c5 2. Nf3 e6 3. c4 Nc6 4. Nc3 e5 5. Be2 d6 6. O-O g6 7.
a3 Bg7 8. Rb1 Nge7 9. b4 b6 10.
Nd5 O-O 11. d3 h6 12. Bb2 f5 13. b5 Nxd5 14. cxd5 Ne7 15. Nd2 g5 16. a4 Ng6 17.
Nc4 Nf4 18. Bc1 g4 19. exf5 Nxe2+ 20. Qxe2 Bxf5 21. Ne3 h5 22. Nxf5 Rxf5 23. Qe4 Qd7 24. Be3 a5 25. bxa6 Rxa6 26. a5 bxa5 27. Rb8+ Bf8 28. Bh6 a4 29. Rxf8+ 1-0

[Event "*** SCC Grand Prix: Titled Tuesday Blitz"]
[Site "Chess.com"]
[Date "2020.08.04"]
[Round "3"]
[White "Mazanchenko_Dmitry"]
[Black "Justinz"]
[Result "0-1"]
[WhiteElo "2115"]
[BlackElo "2343"]
[TimeControl "180+1"]
[EndTime "14:10:25 PDT"]
[Termination "Justinz won by resignation"]

1. e4 c5 2. Ne2 d6 3. Nbc3 Nf6 4.
g3 g6 5. Bg2 Bg7 6. O-O O-O 7.
d4 cxd4 8. Nxd4 a6 9. a4 Bd7 10. e5 dxe5 11. Nb3 Bc6 12. Nc5 Bxg2 13. Kxg2 Qc7 14.
N3e4 Nxe4 15. Nxe4 Nc6 16. c3 Rad8 17. Qe2 Rd5 18. Bg5 h6 19. Be3 f5 20. c4 Nd4 21. Qd3 Rd7 22. Nc3 Qc6+ 23. f3 Nxf3 24. Nd5 e4 25. Qb3 e6 26. Nf4 Kh7 27. Rfd1 Rfd8 28. Rxd7 Rxd7 29. c5 e5 30. Ne6 Rd3 0-1

[Event "*** SCC Grand Prix: Titled Tuesday Blitz"]
[Site "Chess.com"]
[Date "2020.08.04"]
[Round "3"]
[White "Jenia84"]
[Black "BikingBrian"]
[Result "1-0"]
[WhiteElo "2361"]
[BlackElo "2155"]
[TimeControl "180+1"]
[EndTime "14:10:26 PDT"]
[Termination "Jenia84 won by resignation"]

1. Nf3 g6 2. e4 c5 3. c4 Nc6 4. d4 cxd4 5. Nxd4 Nf6 6. Nc3 d6 7.
Be3 Ng4 8. Nxc6 Nxe3 9. Nxd8 Nxd1 10. Rxd1 Kxd8 11. c5 Be6 12. cxd6 exd6 13. e5 d5 14. Nxd5 Bxd5 15. Rxd5+ Kc7 16. Bc4 Bb4+ 17. Ke2 Rhe8 18. Rc1 Rad8 19. Rb5 Bd6 20. Bxf7+ Kb8 21. Bxe8 Rxe8 22. f4 g5 23. g3 gxf4 24. gxf4 Bc7 25. Kf3 1-0